 Dungeon Crawl Stone Soup version 0.31.0-32-g396128a36d (webtiles) character file.

Game seed: 6611979181584356165

7641 SonOfAdam the Fighter (level 10, -2/135 HPs)
             Began as a Red Draconian Ice Elementalist on Apr 20, 2024.
             Was a Believer of Vehumet.
             Slain by a purple ugly thing (10 damage)
             ... on level 12 of the Dungeon on Apr 21, 2024.
             The game lasted 01:07:22 (14913 turns).

SonOfAdam the Fighter (DrIE)                       Turns: 14913, Time: 01:07:23

Health: -2/135     AC: 32    Str: 12    XL:     10   Next: 98%
Magic:  28/30      EV:  2    Int: 19    God:    Vehumet [**....]
Gold:   1051       SH:  5    Dex: 11    Spells: 17/24 levels left

rFire   . . .        a - +8 flail "SonOfAdam's Foe" {protect, ^Drain ^Fragile rElec SInv}
rCold   . . .        (no shield)
rNeg    . . .        (body armour unavailable)
rPois   +            (helmet currently unavailable)
rElec   +            K - melded +1 cloak {rCorr}
rCorr   .            (gloves currently unavailable)
SInv    +            (boots currently unavailable)
Will    .....        r - amulet of reflection
Stlth   ++           s - +4 ring of slaying
HPRegen 0.42/turn    x - ring of magical power
MPRegen 0.22/turn

%: reflection
@: lethally poisoned (-2 -> -6), tree-form, under a protective aura, freezing
walls
A: stationary, stasis, torment immunity, boosted hp, (breathe fire), AC +7,
unfitting armour, (fire resistance 1), (cold-blooded)
a: Renounce Religion


You were on level 12 of the Dungeon.
You worshipped Vehumet.
Vehumet was pleased with you.
You were a tree.
You visited 2 branches of the dungeon, and saw 11 of its levels.
You also visited: Bailey.

You collected 1194 gold pieces.
You spent 143 gold pieces at shops.

Inventory:

Hand Weapons
 a - the +8 flail "SonOfAdam's Foe" (weapon) {protect, ^Drain ^Fragile rElec SInv}
   (You found it on level 4 of the Dungeon)

   rElec:     It insulates you from electricity.
   SInv:      It lets you see invisible.
   ^Drain:    It drains your maximum health when unequipped.
   ^Fragile:  It will be destroyed if unequipped.
 b - a +1 sling
 H - a +2 short sword of venom
 J - the +5 demon trident of Wyrd {drain, rPois rC+ Int+3}
   (You took it off an orc in a bailey)

   Int+3:     It affects your intelligence (+3).
   rC+:       It protects you from cold.
   rPois:     It protects you from poison
Missiles
 d - 15 poisoned darts (quivered)
 g - 113 stones
 n - 35 javelins
Armour
 K - a +1 cloak of preservation (melded)
Jewellery
 c - a ring of protection from cold
 r - an amulet of reflection (around neck)
 s - a +4 ring of slaying (left branch)
 x - a ring of magical power (right branch)
 y - a ring of flight
Wands
 t - a wand of roots (9)
 w - a wand of flame (9)
 I - a wand of paralysis (12)
 M - a wand of quicksilver (13)
Scrolls
 f - a scroll of fear {unknown}
 h - 8 scrolls of enchant weapon
 i - a scroll of identify
 j - 4 scrolls of fog
 p - a scroll of enchant armour {unknown}
 q - 2 scrolls of vulnerability {unknown}
 B - a scroll of blinking {unknown}
 C - a scroll of teleportation
 D - a scroll of amnesia
 E - a scroll of silence {unknown}
 G - a scroll of brand weapon {unknown}
Potions
 e - a potion of might
 l - 2 potions of attraction
 o - a potion of curing {unknown}
 u - a potion of magic
 z - a potion of cancellation {unknown}
 A - 2 potions of heal wounds {unknown}
 F - 3 potions of mutation {unknown}
 L - a potion of enlightenment {unknown}


   Skills:
 + Level 8.9 Fighting
 - Level 5.6 Maces & Flails
 - Level 5.9 Dodging
 - Level 1.7 Stealth
 + Level 7.6 Spellcasting
 * Level 4.3 Conjurations
 - Level 5.2 Summonings
 - Level 6.0 Ice Magic


You had 17 spell levels left.
You knew the following spells:

 Your Spells              Type           Power      Damage    Failure   Level
a - Freeze                Ice            100%       1d10      1%          1
b - Frozen Ramparts       Ice            60%        1d10      2%          3
c - Shock                 Conj/Air       60%        1d6       3%          1
l - Searing Ray           Conj           46%        2d6       2%          2

Your spell library contained the following spells:

 Spells                   Type           Power      Damage    Failure   Level
 Ozocubu's Armour         Ice            30%        N/A       2%          3
 Summon Ice Beast         Ice/Summ       28%        N/A       2%          3
 Ensorcelled Hibernation  Hex/Ice        36%        N/A       4%          2
 Static Discharge         Conj/Air       30%        3-5/arc   6%          2
 Necrotise                Necr           28%        1d5       10%         1
 Fugue of the Fallen      Necr           7%         N/A       28%         3
 Vampiric Draining        Necr           7%         2d6       28%         3
 Martyr's Knell           Necr/Summ      17%        N/A       32%         4
 Summon Lightning Spire   Summ/Air       17%        N/A       32%         4
 Summon Mana Viper        Hex/Summ       17%        N/A       65%         5
 Airstrike                Air            3%         2d(1-17)  67%         4
 Anguish                  Hex/Necr       3%         N/A       67%         4
 Curse of Agony           Necr           7%         N/A       95%         5
 Lee's Rapid Deconstruct  Erth           3%         3d5*      95%         5
 Monstrous Menagerie      Summ           13%        N/A       100%        7
 Animate Armour           Summ/Erth      Unusable   N/A       N/A         4

Dungeon Overview and Level Annotations

Branches:
Dungeon (9/15)             Temple (1/1) D:5          Bailey (visited)
   Lair: D:8-11         Orc: D:9-12

Altars:
Ashenzari
Cheibriados
Dithmenos
Elyvilon
Gozag
Hepliaklqana
Kikubaaqudgha
Makhleb
Nemelex Xobeh
Okawaru
Qazlal
Ru
Sif Muna
Trog
Uskayaw
Vehumet
Wu Jian
Xom
Yredelemnul
Zin
The Shining One

Shops:
D:4 ?=:

Annotations:
D:4 1 runed translucent door, Crazy Yiuf
D:5 3 runed translucent doors, zxspectator's ghost, novice FoFi
D:12 Nessos


Innate Abilities, Weirdness & Mutations

You are a tree.
Your roots penetrate the ground, keeping you stationary.
You cannot be teleported.
You are immune to unholy pain and torment.
Your maximum health is greatly increased.
Your equipment is partially melded.
((You can breathe blasts of fire.))
((Your fiery red scales are hard. (AC +7)))
You cannot fit into any form of body armour.
((Your flesh is heat resistant. (rF+)))
((You are cold-blooded and may be slowed by cold attacks.))


Message History

Nessos blinks!
You cannot teleport because you are held in place by your roots.
Aiming: Paralyse
Press: ? - help, Shift-Dir - straight line, f - Nessos
Aim: Nessos, wearing a +0 barding (lightly wounded, fast, chance to affect: 49%) Nessos resists with some effort.
You feel very sick.
The wall freezes Nessos.
Nessos wields a +1 longbow of flaming.
It bursts into flame!
Nessos shoots an arrow.
The arrow hits you but does no damage.
Aiming: Paralyse
Press: ? - help, Shift-Dir - straight line, f/p - Nessos
Aim: Nessos, wielding a +1 longbow of flaming and wearing a +0 barding (lightly wounded, fast, chance to affect: 49%) Nessos suddenly stops moving!
You feel very sick.
The wall freezes Nessos. x2; The wall freezes the purple ugly thing.
The wall freezes Nessos but does no damage.
You cannot move.
You cannot move.
Aiming: Mindburst
Press: ? - help, Shift-Dir - straight line, f/p - Nessos
Aim: Nessos, wielding a +1 longbow of flaming and wearing a +0 barding (lightly wounded, paralysed, chance to affect: 64%) Nessos's mind is blasted!
The now-empty wand crumbles to dust.
You feel sick.
The wall freezes Nessos.
The wall freezes the purple ugly thing but does no damage.
The wall freezes Nessos but does no damage.
You barely miss the purple ugly thing.
The purple ugly thing is lightly wounded.
You feel very sick.
The wall freezes Nessos.
The wall freezes Nessos but does no damage.
The wall freezes the purple ugly thing.
You block the purple ugly thing's attack.
The wall freezes the wraith but does no damage.
You sock the purple ugly thing!
Your weapon exudes an aura of protection.
The purple ugly thing is moderately wounded.
You feel sick.
The wall freezes Nessos. x2
The wall freezes the purple ugly thing.
The purple ugly thing bites you!
You die...

,,,,,,,,,...............,,,,,,,,,
,,,,,,,,,..>............,,,,,,,,,
,,,,,,,,,.....".........,,,,,,,,>
**,,****######...######**********
,*,,* ######...####### **,,*
######...####### ,,,,*
######..W####### ,,,,*
######..u####### ,,,,*
######..♣####### ,,,,*
######...####### *****
######..c####### ######...#######
######...####### ######...#######
######...####### ######...#######
######...#######


You could see Nessos (paralysed), a purple ugly thing and a wraith.

Vanquished Creatures
  A two-headed ogre (D:8)
  Maurice (D:8)
  Maggie (D:7)
  A hornet (D:8)
  Sigmund (D:7)
  5 yaks (D:8)
  A steam dragon (D:8)
  Menkaure (D:4)
  Edmund (D:7)
  An ice beast (D:5)
  12 orc warriors
  4 black bears
  4 ogres
  17 centaurs
  2 kobold brigands
  5 bullfrogs
  A gnoll sergeant (D:5)
  2 scorpions
  4 wights (D:8)
  A howler monkey (D:8)
  6 orc priests
  A hound (D:5)
  A jelly (D:6)
  Ijyb (D:4)
  An iguana (D:4)
  2 sleepcaps
  8 orc wizards
  8 adders
  7 gnolls
  A shadow imp (D:7)
  A white imp (D:7)
  2 ribbon worms (D:3)
  3 dart slugs
  50 orcs
  10 endoplasms
  3 giant cockroaches
  13 goblins
  15 hobgoblins
  3 jackals (D:2)
  10 ball pythons
  9 bats
  5 frilled lizards
  25 kobolds
  4 rats
  A butterfly (D:5)
256 creatures vanquished.

Notes
Turn   | Place    | Note
-------+----------+-------------------------------------------
     0 | D:1      | SonOfAdam the Draconian Ice Elementalist began the quest
                  | for the Orb.
     0 | D:1      | Reached XP level 1. HP: 14/14 MP: 3/3
   273 | D:1      | Reached XP level 2. HP: 21/22 MP: 1/5
   646 | D:1      | Reached skill level 1 in Fighting
   962 | D:1      | Reached XP level 3. HP: 28/28 MP: 6/6
  1028 | D:1      | Found a faded altar of an unknown god.
  1926 | D:2      | Reached XP level 4. HP: 36/36 MP: 5/7
  2106 | D:2      | Reached skill level 5 in Ice Magic
  2203 | D:2      | Learned a level 3 spell: Frozen Ramparts
  2287 | D:1      | Reached skill level 2 in Fighting
  2877 | D:2      | Reached XP level 5. HP: 41/41 MP: 4/9
  4117 | D:4      | Noticed Ijyb
  4191 | D:4      | Found Kauneiwn's Book Shop.
  4608 | D:4      | Killed Ijyb
  4609 | D:4      | Reached skill level 3 in Fighting
  4609 | D:4      | Reached XP level 6. HP: 45/51 MP: 10/10
  4904 | D:4      | Noticed Menkaure
  4907 | D:4      | Killed Menkaure
  4977 | D:4      | Your scales start taking on a fiery red colour.
  4977 | D:4      | Reduced skill Ice Magic to level 5
  4977 | D:4      | Reached XP level 7. HP: 43/58 MP: 5/12
  4977 | D:4      | Gained mutation: Your flesh is heat resistant. (rF+) [Red
                  | Draconian growth]
  5067 | D:4      | Found Qotural's Jewellery Shop.
  5135 | D:4      | Identified the +8 flail "SonOfAdam's Foe" {protect, ^Drain
                  | ^Fragile rElec SInv}
  5241 | D:4      | Reached skill level 4 in Fighting
  5314 | D:4      | Found Ybbaukuh's Magic Scroll Boutique.
  5317 | D:4      | Bought a scroll of teleportation for 39 gold pieces
  5317 | D:4      | Bought a scroll of amnesia for 52 gold pieces
  5317 | D:4      | Bought a scroll of identify for 26 gold pieces
  5319 | D:4      | Bought a scroll of identify for 26 gold pieces
  5377 | D:4      | Found a runed translucent door.
  5378 | D:4      | Noticed Crazy Yiuf
  5401 | D:5      | Entered Level 5 of the Dungeon
  5827 | D:5      | Reached XP level 8. HP: 67/67 MP: 14/14
  5836 | D:5      | Reached skill level 5 in Fighting
  6208 | D:5      | Found a runed translucent gate.
  6209 | D:5      | Found a runed translucent gate.
  6209 | D:5      | Found a runed translucent gate.
  6210 | D:5      | Noticed zxspectator's ghost (novice FoFi)
  6249 | D:5      | Found a staircase to the Ecumenical Temple.
  6423 | D:5      | Reached skill level 5 in Spellcasting
  6628 | D:5      | Identified the +7 mace of the Volcano {heavy, rF++}
  6716 | D:5      | Reached skill level 6 in Fighting
  6938 | Temple   | Entered the Ecumenical Temple
  7010 | Temple   | Became a worshipper of Vehumet
  7295 | D:6      | Reached skill level 1 in Maces & Flails
  7401 | D:6      | Identified 2 scrolls of acquirement
  7401 | D:6      | Acquired 602 gold pieces
  7403 | D:6      | Acquired an amulet of reflection
  7462 | D:6      | Found a stormy altar of Qazlal.
  7835 | D:6      | Found an iron altar of Okawaru.
  7914 | D:6      | Found a glowing silver altar of Zin.
  8305 | D:7      | Reached XP level 9. HP: 66/78 MP: 17/17
  8428 | D:7      | Noticed Edmund
  8436 | D:7      | Killed Edmund
  8466 | D:7      | Noticed Sigmund
  8471 | D:7      | Killed Sigmund
  8614 | D:7      | Noticed a gargoyle
  8956 | D:7      | Reached skill level 5 in Dodging
  9176 | D:7      | Noticed Maggie
  9192 | D:7      | Killed Maggie
  9193 | D:7      | Reached skill level 7 in Fighting
  9333 | D:7      | Reached * piety under Vehumet
  9333 | D:7      | Offered knowledge of Shock by Vehumet.
  9418 | D:8      | Found a flagged portal.
  9439 | Bailey   | Entered a bailey
  9442 | Bailey   | Learned a level 1 spell: Shock
 10062 | Bailey   | Reached skill level 1 in Conjurations
 10062 | Bailey   | Reached skill level 1 in Summonings
 10066 | Bailey   | Reached skill level 5 in Maces & Flails
 10663 | Bailey   | Reached XP level 10. HP: 50/86 MP: 19/19
 10950 | Bailey   | Identified the +5 demon trident of Wyrd {drain, rPois rC+
                  | Int+3}
 13674 | D:8      | Noticed a two-headed ogre
 13686 | D:8      | Killed a two-headed ogre
 13687 | D:8      | Reached skill level 8 in Fighting
 13948 | D:8      | Found an ancient bone altar of Kikubaaqudgha.
 14177 | D:8      | Reached skill level 5 in Summonings
 14220 | D:8      | Offered knowledge of Searing Ray by Vehumet.
 14238 | D:8      | Learned a level 2 spell: Searing Ray
 14374 | D:8      | Noticed Maurice
 14588 | D:8      | Killed Maurice
 14588 | D:8      | Reached ** piety under Vehumet
 14890 | D:9      | You fall into a shaft and drop 3 floors!
 14899 | D:12     | Noticed Nessos
 14899 | D:12     | Noticed a purple ugly thing
 14913 | D:12     | Slain by a purple ugly thing

Illustrated notes

Levels and vault maps discovered:
D:1:      lightli_arrival_noodles, layout_rooms,
          shapermc_ecumenical_altar_flowoftime, minmay_pentomino_w4
D:2:      layout_loops_corners, guppyfry_early_orc_mine
D:3:      corexii_shack_village, layout_basic
D:4:      layout_basic, serial_shops, kennysheep_mini, shop,
          kennysheep_mini_moat, minmay_cupped, uniq_menkaure,
          uniq_crazy_yiuf_cottage, uniq_ijyb
D:5:      layout_cave_pools, minmay_temple_entry_butterflies,
          biasface_ghost_orc_armoury
D:6:      layout_basic, mainiacjoe_overflow_tiny_flanked,
          mainiacjoe_overflow_cross_hatched, overflow_temple_1_default,
          hex_medium, nicolae_concentric_dashed_squares_wild
D:7:      layout_loops_cross, sigmund_edmund_badplayer, uniq_maggie
D:8:      layout_basic, mainiacjoe_overflow_alcove_4, enter_bailey_2,
          wad_floor_pattern_1, uniq_maurice
D:9:      layout_roguey, orc_0_dummy, ebering_ghost_inner_flame
D:12:     layout_cross, serial_shops, shop, cheibriados_altar_2, uniq_erolcha,
          uniq_nessos
Temple:   minmay_temple_bridge_d

Skill      XL: |  1  2  3  4  5  6  7  8  9 10 |
---------------+-------------------------------+-----
Fighting       | 1 2 3 4 6 7 8 |  8.9
Ice Magic      | 5 6 5 6 |  6.0
Spellcasting   | 3 4 5 6 7 |  7.6
Dodging        | 3 4 5 |  5.9
Maces & Flails | 2 5 |  5.6
Conjurations   | 2 4 |  4.3
Summonings     | 1 5 |  5.2
Stealth        | |  1.7

Action                     |  1- 3 |  4- 6 |  7- 9 | 10-12 || total
---------------------------+-------+-------+-------+-------++-------
  Melee: Dagger            |    55 |   103 |    47 |       ||   205
         Tailslap          |     5 |    15 |    22 |    14 ||    56
         Punch             |       |     1 |     3 |     1 ||     5
         Flail             |       |       |   101 |    72 ||   173
  Throw: Dart              |    20 |    44 |    29 |       ||    93
         Javelin           |       |       |     2 |       ||     2
   Cast: Freeze            |    37 |    30 |    39 |    23 ||   129
         Frozen Ramparts   |       |    14 |    39 |    19 ||    72
         Shock             |       |       |    55 |   159 ||   214
Ability: Breathe Fire      |       |       |     5 |       ||     5
  Evoke: Wand              |       |     6 |    19 |     7 ||    32
    Use: Scroll            |       |     5 |     6 |     1 ||    12
         Potion            |       |       |       |     3 ||     3
   Stab: Sleeping          |       |     4 |       |       ||     4
         Distracted        |       |     1 |       |       ||     1
 Armour: Skin              |    38 |    80 |   191 |   155 ||   464
  Dodge: Dodged            |    45 |    91 |   160 |   144 ||   440
  Block: Other             |       |       |    42 |    31 ||    73
         Reflection        |       |       |     3 |       ||     3
